Map: Void Training Stage 3

Players

Player 2

  • Race: Protoss Protoss
  • Spawn Location: 12:00

Teusku - Winner!

  • Race: Terran Terran
  • League: Silver
  • Spawn Location: 6:00

VOD

Have the link to the VOD?

Description

Time

  • Played on: Nov. 3, 2020, 7:09 a.m.
  • Length: 10:18
Show
View Real Time Build Order
Export as new Build Order

Player 2 Protoss 

Build Orders:  

Get SALT Encoding   

  12  0:00  Probe  
  13  0:13  Probe  
  14  0:22  Pylon  
  14  0:25  Probe  
  15  0:36  Probe  
  16  0:44  Probe  
  16  0:49  Assimilator  
  17  0:51  Gateway  
  17  0:53  Probe  
  18  1:02  Pylon  
  18  1:31  Gateway  
  18  1:36  Assimilator  
  18  1:41  Cybernetics Core  
  18  1:42  Zealot  
  20  2:00  Zealot  
  22  2:17  Pylon  
  22  2:18  Zealot  
  22  2:20  Warp Gate  
  24  2:28  Stalker  
  26  2:33  Probe  
  27  2:45  Probe, Stalker  
  30  2:52  Pylon  
  30  2:57  Probe  
  31  2:58  Adept  
  33  3:06  Probe  
  33  3:10  Forge  
  34  3:14  Probe  
  35  3:24  Probe  
  36  4:55  Sentry  
  36  4:56  Probe  
  36  4:57  Photon Cannon  
  36  4:58  Photon Cannon  
  39  5:00  Pylon  
  39  5:02  Robotics Facility  
  39  5:05  Stargate  
  39  5:08  Twilight Council  
  39  5:09  Stalker  
  41  5:14  Gateway  
  41  5:18  Probe  
  41  5:21  Pylon  
  42  5:22  Stalker  
  44  5:31  Forge  
  44  5:36  Stalker  
  34  5:50  Sentry  
  34  5:51  Observer  
  37  6:03  Adept  
  39  6:12  Observer  
  39  6:17  Stalker  
  42  6:30  Stalker  
  44  6:32  Nexus  
  44  6:44  Zealot  
  46  6:58  Zealot  
  48  7:11  Adept  
  50  7:19  Void Ray  
  50  7:27  Zealot  
  32  7:47  Sentry  
  33  7:54  Assimilator  
  33  7:57  Pylon  
  33  7:59  Assimilator  
  35  8:06  Pylon  
  35  8:09  Pylon  
  24  8:39  Pylon  
  15  8:50  Probe  
  15  8:58  Probe  
  17  9:06  Probe  
  17  9:18  Probe  
  18  9:33  Pylon  
  17  9:40  Probe  
  18  9:48  Probe  
  18  9:51  Pylon  
  19  9:56  Probe  
  18  10:01  Pylon  
Show
View Real Time Build Order
Export as new Build Order

Teusku Terran - Winner!

Build Orders: Reaper Expand 

Get SALT Encoding   

  12  0:01  SCV  
  13  0:13  SCV  
  14  0:19  Supply Depot  
  14  0:25  SCV  
  15  0:40  SCV  
  15  0:41  Barracks  
  16  0:46  Refinery  
  16  0:53  SCV  
  17  1:05  SCV  
  18  1:17  SCV  
  19  1:28  Reaper, Supply Depot  
  19  1:29  Orbital Command  
  20  1:52  Command Center  
  20  1:55  SCV  
  20  2:00  Marine  
  22  2:09  Factory  
  22  2:13  SCV  
  23  2:20  Refinery  
  23  2:23  Barracks Reactor  
  23  2:26  SCV  
  24  2:38  SCV  
  25  2:50  SCV  
  26  2:52  Factory Tech Lab  
  26  2:59  Marine x2  
  26  3:00  Starport  
  26  3:03  SCV  
  29  3:06  Orbital Command  
  29  3:20  SCV  
  29  3:23  Marine x2, Supply Depot  
  29  3:26  Cyclone  
  35  3:33  SCV  
  36  3:37  Barracks  
  36  3:40  Viking  
  38  3:43  SCV  
  39  3:50  Refinery, SCV  
  40  3:58  SCV  
  41  4:05  SCV  
  41  4:06  Factory Tech Lab  
  42  4:14  Starport Reactor  
  42  4:25  SCV x2  
  42  4:27  Marine x2  
  46  4:35  Barracks  
  46  4:37  Siege Tank  
  50  4:38  SCV x2  
  50  4:42  Marine  
  50  4:44  Stimpack  
  52  4:46  Marine x2  
  54  4:59  Starport Reactor  
  54  5:01  Supply Depot  
  54  5:06  Supply Depot  
  54  5:11  Engineering Bay  
  54  5:20  Refinery  
  54  5:22  Marine  
  54  5:23  Siege Tank, Marine x2, SCV x2  
  54  5:26  Supply Depot  
  62  5:29  Supply Depot  
  62  5:35  SCV x2  
  64  5:40  Marine x3  
  66  5:53  Marine x2  
  66  5:55  Medivac x2, Siege Tank  
  75  5:58  Marine x3  
  75  6:03  Terran Infantry Weapons Level 1, Supply Depot x2  
  78  6:06  Supply Depot  
  78  6:07  SCV x2  
  80  6:14  Marine x2  
  80  6:18  Marine x3  
  83  6:20  SCV  
  83  6:24  SCV  
  87  6:27  Supply Depot x2  
  87  6:28  Supply Depot  
  87  6:32  Medivac, Marine x2, SCV  
  92  6:36  Medivac, SCV  
  92  6:37  Marine x3  
  98  6:51  Marine x2, SCV x2  
  98  6:53  Siege Tank  
  105  6:55  Marine  
  106  7:03  Marine x2  
  106  7:05  Medivac  
  110  7:10  Command Center  
  110  7:14  SCV x2  
  112  7:16  Marine x3  
  112  7:19  Medivac  
  112  7:21  Marine x2  
  117  7:44  Marine x5  
  117  7:45  Siege Tank  
  117  7:46  Medivac  
  117  7:48  SCV x2  
  117  7:49  Medivac  
  126  8:06  SCV x2  
  126  8:07  Marine x5  
  129  8:16  Medivac  
  129  8:18  SCV x2  
  133  8:22  Medivac, Siege Tank  
  133  8:25  Marine x5  
  143  8:35  SCV x2  
  144  8:42  Marine  
  144  8:43  Marine x4  
  144  8:46  Medivac  
  143  8:51  SCV x2  
  143  8:52  Medivac  
  143  8:54  Siege Tank  
  145  8:55  Refinery  
  145  8:56  Refinery  
  145  9:00  Marine x2  
  145  9:01  Marine x3  
  146  9:15  Medivac  
  147  9:18  SCV x2  
  149  9:36  Orbital Command  
  149  9:54  Supply Depot  
  149  9:55  Supply Depot  
  149  9:58  Supply Depot  
  149  10:09  Command Center  
Tags
 
Add a new tag
Caveats
  • Supply blocks, unpowered buildings, or Contaminate may cause inaccurate times.
  • Supply counts are checked every 10 seconds.